 Dungeon Crawl Stone Soup version 0.19-a0-1223-gf83d13a (webtiles) character file.

734 Ijustatesigmund the Conjurer (level 7, -6/41 HPs)
             Began as an Octopode Wizard on Aug 24, 2016.
             Killed from afar by an orc wizard (9 damage)
             ... with a magic dart
             ... on level 6 of the Dungeon.
             The game lasted 00:19:14 (5496 turns).

Ijustatesigmund the Conjurer (Octopode Wizard)      Turns: 5496, Time: 00:19:15

Health: -6/41      AC:  1    Str:  7    XL:     7   Next: 74%
Magic:  1/11       EV: 13    Int: 21    God:
Gold:   179        SH:  4    Dex: 11    Spells: 5 memorised, 1 level left

rFire  . . .     SeeInvis .     g - +0 short sword
rCold  . . .     Gourm    .     k - +0 buckler
rNeg   . . .     Faith    .     a - +0 hat
rPois  .         Spirit   .     p - amulet of regeneration
rElec  .         Dismiss  .     (no ring)
rCorr  .         Reflect  .     (no ring)
MR     .....     Harm     .     (no ring)
Stlth  +++.......               (no ring)
                                (no ring)
                                (no ring)
                                (no ring)
                                (no ring)

@: very slightly contaminated, repel missiles
A: almost no armour, amphibious, 8 rings, constrict 8, camouflage 1, gelatinous
body 1
a: no special abilities


You were on level 6 of the Dungeon.
You were hungry.

You visited 1 branch of the dungeon, and saw 6 of its levels.

You collected 179 gold pieces.

Inventory:

Hand Weapons
 f - a +0 dagger
 g - a +0 short sword (weapon)
Missiles
 d - a throwing net (quivered)
Armour
 a - a +0 hat (worn)
 k - a +0 buckler (worn)
Jewellery
 p - an amulet of regeneration (around mantle)
Wands
 o - a wand of confusion (22/48)
 r - a wand of acid (0/15)
Scrolls
 s - 2 scrolls of remove curse
 t - a scroll of identify
 w - a scroll of teleportation
Potions
 e - 2 potions of lignification
 h - a potion of resistance
 n - 2 potions of mutation
Books
 b - a book of Minor Magic

   Spells                             Type                      Level
   a - Magic Dart                     Conjuration                  1
   b - Blink                          Translocation                2
   c - Call Imp                       Summoning                    2
   d - Repel Missiles                 Charms/Air                   2
   e - Slow                           Hexes                        2
   f - Conjure Flame                  Conjuration/Fire             3
   g - Mephitic Cloud                 Conjuration/Poison/Air       3
 q - a book of Debilitation

   Spells                             Type                      Level
   a - Corona                         Hexes                        1
   b - Slow                           Hexes                        2
   c - Gell's Gravitas                Hexes/Translocation          3
   d - Inner Flame                    Hexes/Fire                   3
   e - Cause Fear                     Hexes                        4
   f - Leda's Liquefaction            Hexes/Earth                  4
Comestibles
 c - 4 bread rations
 i - 3 meat rations
 j - 3 beef jerkies
 l - 2 slices of pizza
 u - a chunk of flesh
 v - 5 fruits


   Skills:
 + Level 0.0 Fighting
 + Level 0.0 Short Blades
 - Level 2.0 Dodging
 - Level 3.4 Stealth
 - Level 4.0 Shields
 - Level 3.0 Spellcasting
 - Level 4.5 Conjurations
   Level 1.0 Summonings
 - Level 3.7 Translocations
 - Level 2.2 Air Magic
 - Level 2.6 Poison Magic


You had one spell level left.
You knew the following spells:

 Your Spells              Type           Power        Failure   Level  Hunger
a - Magic Dart            Conj           ###.         1%          1    None
b - Blink                 Tloc           N/A          6%          2    ##.....
c - Repel Missiles        Chrm/Air       #.....       14%         2    ##.....
d - Conjure Flame         Conj/Fire      ##......     17%         3    ###....
e - Mephitic Cloud        Conj/Pois/Air  ###.....     14%         3    ###....


Dungeon Overview and Level Annotations

Branches:
Dungeon (6/15)
 Temple: D:4-7

Altars:
Elyvilon
Yredelemnul

Shops:
D:4 %(=


Innate Abilities, Weirdness & Mutations

You cannot wear most types of armour.
You are amphibious.
You can wear up to eight rings at the same time.
You can use your tentacles to constrict eight enemies at once.
Your skin changes colour to match your surroundings (Stealth+).
Your rubbery body absorbs attacks. (AC +1, EV +1)


Message History

* * * LOW HITPOINT WARNING * * *
Casting: Blink
Confirm with . or Enter, or press ? or * to list all spells.
You miscast Blink.
You are very lightly contaminated with residual magic.
The floor and the ceiling briefly switch places.
The orc wizard points at you and mumbles some strange words.
You resist with some effort. The orc barely misses you.
You barely miss the orc wizard. You grab the orc wizard.
You squeeze the orc wizard, but do no damage.
The orc wizard is almost dead.
You constrict the orc wizard, but do no damage.
The orc wizard closely misses you. The orc hits you with a short sword.
* * * LOW HITPOINT WARNING * * *
You hit the orc wizard but do no damage.
The orc wizard is almost dead.
You constrict the orc wizard.
The orc wizard gestures at you while chanting.
The magic dart hits you!
You die...

####.# ##).#.
..... .....
##.#.###....
#..... ....#
#..#.# #.#.#
#..#.###.#.##
#..#........# .
#...........#####.
#@o.......o.......
#o######.#..###...
#.# #.#..####.#
#.######...... ..
#...........### .#
##########.... †.
#.### .# #. .. ..


You could see an orc wizard and an orc.

Vanquished Creatures
  A sky beast (D:4)
  An ogre (D:5)
  A centaur (D:3)
  A giant frog (D:4)
  A crimson imp (D:4)
  Jessica (D:3)
  3 iguanas (D:4)
  3 worker ants (D:4)
  4 gnolls (D:4)
  6 adders
  An ooze (D:3)
  6 worms
  A dart slug (D:2)
  2 giant geckos
  8 orcs
  3 ball pythons
  3 giant cockroaches
  6 goblins
  7 hobgoblins
  3 jackals (D:1)
  3 kobolds
  3 quokkas
  A giant gecko skeleton (D:4)
  A giant gecko zombie (D:5)
  4 giant newts
  6 rats
80 creatures vanquished.

Notes
Turn   | Place    | Note
-------+----------+-------------------------------------------
     0 | D:1      | Ijustatesigmund the Octopode Wizard began the quest for the Orb.
     0 | D:1      | Reached XP level 1. HP: 11/11 MP: 4/4
   375 | D:1      | Reached XP level 2. HP: 8/17 MP: 3/6
   729 | D:1      | Learned a level 2 spell: Blink
   732 | D:1      | Learned a level 2 spell: Repel Missiles
  1306 | D:2      | Reached XP level 3. HP: 21/21 MP: 4/7
  1808 | D:2      | Found a white marble altar of Elyvilon.
  1900 | D:2      | Learned a level 3 spell: Conjure Flame
  1921 | D:2      | Reached skill level 1 in Shields
  1921 | D:2      | Reached XP level 4. HP: 24/27 MP: 3/8
  2575 | D:3      | Noticed Jessica
  2578 | D:3      | Killed Jessica
  2578 | D:3      | Reached XP level 5. HP: 22/31 MP: 7/9
  3167 | D:3      | Noticed a centaur
  3189 | D:3      | Killed a centaur
  3479 | D:4      | Reached XP level 6. HP: 31/36 MP: 7/10
  3583 | D:4      | Found Geakhleo's Jewellery Emporium.
  3652 | D:4      | Learned a level 3 spell: Mephitic Cloud
  3890 | D:4      | Noticed a sky beast
  3946 | D:4      | Found Ymif's Food Emporium.
  4199 | D:4      | Found a basalt altar of Yredelemnul.
  4227 | D:4      | Reached XP level 7. HP: 40/41 MP: 9/11
  4264 | D:4      | Reached skill level 1 in Poison Magic
  4498 | D:4      | Reached skill level 1 in Air Magic
  4588 | D:5      | Entered Level 5 of the Dungeon
  4864 | D:4      | Found Ikat's Antique Weapon Boutique.
  5495 | D:6      | HP: 2/41 [orc/short sword (4)]
  5496 | D:6      | Killed from afar by an orc wizard

Vault maps used:
D:1:      dpeg_arrival_more_subterranean_lakeside_camping,
          minmay_shallow_snake_nest
D:2:      elyvilon_altar_4, grunt_decor_cap
D:3:      uniq_jessica
D:4:      first_bread, serial_shops, shop, shop, shop, yredelemnul_altar_generic
D:5:      serial_shops, shop, uniq_duvessa
D:6:      kennysheep_vampire_church

Skill      XL: |  1  2  3  4  5  6  7 |
---------------+----------------------+-----
Stealth        | 3 |  3.4
Conjurations   | 2 3 4 |  4.5
Translocations | 2 3 |  3.7
Shields        | 1 2 3 4 |  4.0
Poison Magic   | 2 |  2.6
Air Magic      | 2 |  2.2
Dodging        | |  2.0
Spellcasting   | |  3.0
Summonings     | |  1.0

Action                   |  1- 3 |  4- 6 |  7- 9 || total
-------------------------+-------+-------+-------++-------
Melee: Unarmed           |    22 |       |       ||    22
       Tentacles         |     7 |    11 |     7 ||    25
       Constrict         |     7 |    16 |     8 ||    31
       Short sword       |    14 |    89 |    46 ||   149
Throw: Throwing net      |       |       |     1 ||     1
 Cast: Magic Dart        |    75 |    96 |    65 ||   236
       Repel Missiles    |     1 |       |       ||     1
       Conjure Flame     |       |     1 |       ||     1
       Blink             |       |       |     7 ||     7
Evoke: Wand              |       |     1 |     4 ||     5
  Use: Scroll            |     1 |     8 |       ||     9
       Potion            |     1 |     2 |     4 ||     7
 Stab: Sleeping          |       |     7 |       ||     7
  Eat: Chunk             |     3 |     7 |     4 ||    14
Armor: Skin              |     2 |    14 |     4 ||    20
Dodge: Dodged            |    22 |    45 |    36 ||   103
       Deflected         |       |       |     2 ||     2
Block: Buckler           |       |    19 |     9 ||    28
